 Dungeon Crawl Stone Soup version 0.25-a0-425-g0e000e855e (webtiles) character file.

Game seed: 3354109547720011956, levelgen mode: deterministic

218 Kohma the Changer (level 5, -3/40 HPs)
             Began as a Draconian Transmuter on Jan 24, 2020.
             Slain by a gnoll
             ... wielding a +0 halberd
              (14 damage)
             ... on level 3 of the Dungeon.
             The game lasted 00:07:47 (3488 turns).

Kohma the Changer (Draconian Transmuter)            Turns: 3488, Time: 00:07:48

Health: -3/40      AC:  2    Str: 12    XL:     5   Next: 63%
Magic:  4/8        EV: 19    Int: 14    God:
Gold:   141        SH:  0    Dex: 17    Spells: 2/8 levels left

rFire    . . .     SeeInvis .     - Unarmed
rCold    . . .     Gourm    .   (shield currently unavailable)
rNeg     . . .     Faith    .   (armour unavailable)
rPois    x         Spirit   .   (helmet currently unavailable)
rElec    .         Reflect  .   (cloak currently unavailable)
rCorr    .         Harm     .   (gloves currently unavailable)
MR       .....                  (boots currently unavailable)
Stlth    ++........             (no amulet)
HPRegen  0.13/turn              (no ring)
MPRegen  0.11/turn              (no ring)

@: spider-form
A: tiny, unfitting armour, AC +5
a: End Transformation


You were on level 3 of the Dungeon.
You were not hungry.
You were a venomous arachnid creature.
You visited 1 branch of the dungeon, and saw 3 of its levels.

You collected 141 gold pieces.

Inventory:

Hand Weapons
 t - a +1 hunting sling of flaming
Missiles
 a - 33 arrows
 g - 51 bolts
 l - 5 curare-tipped darts (quivered)
 o - 2 datura-tipped darts
Armour
 i - a cursed +0 pair of gloves (melded)
Jewellery
 u - an uncursed ring of flight {unknown}
Wands
 r - a wand of digging (2)
Scrolls
 b - 2 scrolls of remove curse {unknown}
 d - 2 scrolls of immolation {unknown}
 e - 5 scrolls of identify {unknown}
 f - a scroll of fear {unknown}
 j - a scroll of teleportation {unknown}
 k - 2 scrolls of enchant weapon {unknown}
 p - 3 scrolls of amnesia {unknown}
 q - 3 scrolls of magic mapping {unknown}
Potions
 h - a potion of heal wounds
 m - a potion of flight {unknown}
 n - a potion of might {unknown}
 s - a potion of cancellation {unknown}
 w - a potion of magic {unknown}
 x - a potion of degeneration {unknown}
Comestibles
 c - 3 rations


   Skills:
 - Level 1.1 Fighting
 - Level 1.7 Dodging
 - Level 3.0 Unarmed Combat
 - Level 2.0 Spellcasting
 + Level 6.0 Transmutations


You had 2 spell levels left.
You knew the following spells:

 Your Spells              Type           Power        Failure   Level  Hunger
a - Beastly Appendage     Tmut           ###...       8%          1    ##.....
b - Sticks to Snakes      Tmut           ###.....     11%         2    ###....
c - Spider Form           Tmut/Pois      #.........   41%         3    ####...

Your spell library contained the following spells:

 Spells                   Type           Power        Failure   Level  Hunger
 Blade Hands              Tmut           ###.......   71%         5    ######.
 Ice Form                 Ice/Tmut       #.......     77%         4    #####..


Dungeon Overview and Level Annotations

Branches:
Dungeon (3/15)

Altars:


Innate Abilities, Weirdness & Mutations

((Your plain brown scales are hard. (AC +5)))
You cannot fit into any form of body armour.
((You are cold-blooded and may be slowed by cold attacks.))


Message History

Your transformation has ended.
Your cursed +0 pair of gloves unmelds from your body.
The gnoll hits you from afar with a +0 halberd.
The gnoll barely misses you.
You closely miss the gnoll.
The gnoll is lightly wounded.
The gnoll barely misses you.
The gnoll hits you from afar with a +0 halberd!!
Casting: Spider Form (safe; 21% risk of failure)
Confirm with . or Enter, or press ? or * to list all spells.
You turn into a venomous arachnid creature.
Your cursed +0 pair of gloves melds into your body.
The gnoll hits you with a +0 spear.
* * * LOW HITPOINT WARNING * * *
The gnoll misses you.
You hit the gnoll but do no damage.
The gnoll looks as sick as possible!
The gnoll is heavily wounded.
The gnoll misses you.
The gnoll hits you from afar with a +0 halberd!
You die...

####.####.#.#.## #..#.##.#....#.
#.........#....# #...)........#.
#.##.########..## #..#.##.#.##.##
#.##.....(......# #[........##.##
#.##............# #...<.....#....
......#########.###............##
#.###.......# #..##########......
#.#########)# ##.##≈≈≈≈≈≈≈#...###
#......# #.# #s##≈≈.g.≈≈#...#
#......# #.# #g##≈..≈..≈#...#
#......# #.# #gg).gg≈≈..'...#
#......# #.# ##.#).)≈..≈#...###
#.#########.# ###.#≈)...≈≈#......
#.# #.....###...#≈≈≈≈≈≈≈#......
#.#####.....#.....#########......
#....##.....#.#.##.#.#..# #.#.###
####.##.....#)#.##...#.)###)#.#


You could see 3 gnolls.

Vanquished Creatures
  An orc wizard (D:3)
  6 adders
  5 gnolls
  An ooze (D:1)
  4 worms
  A dart slug (D:1)
  3 leopard geckos
  8 orcs (D:3)
  A giant cockroach (D:1)
  5 goblins
  5 hobgoblins
  3 jackals (D:1)
  5 kobolds
  A quokka (D:2)
  9 bats
  4 frilled lizards
  9 rats
71 creatures vanquished.

Notes
Turn   | Place    | Note
-------+----------+-------------------------------------------
     0 | D:1      | Kohma the Draconian Transmuter began the quest for the Orb.
     0 | D:1      | Reached XP level 1. HP: 16/16 MP: 3/3
   261 | D:1      | Reached XP level 2. HP: 8/23 MP: 3/5
   499 | D:1      | Reached skill level 3 in Transmutations
  1006 | D:2      | Reached XP level 3. HP: 28/28 MP: 4/6
  1343 | D:2      | Reached skill level 4 in Transmutations
  1582 | D:1      | Reached XP level 4. HP: 12/35 MP: 5/7
  1586 | D:1      | Learned a level 2 spell: Sticks to Snakes
  1590 | D:1      | Learned a level 3 spell: Spider Form
  2161 | D:2      | Reached skill level 5 in Transmutations
  2639 | D:3      | Reached XP level 5. HP: 30/40 MP: 5/8
  3475 | D:3      | Reached skill level 6 in Transmutations
  3488 | D:3      | Slain by a gnoll

Levels and vault maps discovered:
D:1:      dpeg_arrival_tiny_a, layout_loops_ring, serial_glass, glass_columns_a,
          glass_columns_c
D:2:      layout_basic
D:3:      layout_basic, nicolae_ru_great_annihilating_truth,
          kennysheep_generic_room_8, uniq_grinder

Skill      XL: |  1  2  3  4  5 |
---------------+----------------+-----
Transmutations | 3 4 5 6 |  6.0
Fighting       | |  1.1
Dodging        | |  1.7
Unarmed Combat | |  3.0
Spellcasting   | |  2.0

Action                   |  1- 3 |  4- 6 || total
-------------------------+-------+-------++-------
Melee: Unarmed           |   141 |   130 ||   271
       Tailslap          |     9 |     6 ||    15
       Headbutt          |     5 |       ||     5
       Kick              |    15 |     7 ||    22
       Punch             |     4 |       ||     4
 Cast: Beastly Appendage |    19 |     5 ||    24
       Spider Form       |       |    17 ||    17
  Use: Potion            |       |     1 ||     1
 Stab: Sleeping          |       |     1 ||     1
  Eat: Chunk             |     2 |    10 ||    12
Armor: Skin              |    48 |    16 ||    64
Dodge: Dodged            |    91 |   116 ||   207

Table legend:
 A = Non-vault XP
 B = Vault XP
 C = Vault XP percentage of total XP
 D = Non-vault monster count
 E = Vault monster count
 F = Vault count percentage of total count
                 A         B        C        D         E       F
            +---------+---------+-------+---------+---------+-------
      Total |     309 |       3 |   1.0 |      69 |       2 |   2.8
            +---------+---------+-------+---------+---------+-------
        D:1 |      94 |       0 |   0.0 |      25 |       0 |   0.0
        D:2 |      90 |       0 |   0.0 |      21 |       0 |   0.0
        D:3 |     125 |       3 |   2.3 |      23 |       2 |   8.0
            +---------+---------+-------+---------+---------+-------
